 Dungeon Sprint DCSS version 0.27.1-34-g3ba077fa99 (webtiles) character file.

Game seed: 681789775314492268

2511 boopmooplesden the Blocker (level 9, -1/91 HPs)
             Began as a Minotaur Fighter on Jan 18, 2022.
             Was an Initiate of Okawaru.
             Shot with a bolt by a yaktaur (10 damage)
             ... in the Dungeon (Sprint II: "The Violet Keep of Menkaure").
             The game lasted 00:04:19 (1112 turns).

boopmooplesden the Blocker (Minotaur Fighter)       Turns: 1112, Time: 00:04:20

Health: -1/91      AC: 18    Str: 25    XL:     9   Next: 28%
Magic:  7/7        EV:  8    Int:  5    God:    Okawaru [......]
Gold:   90         SH: 13    Dex:  9    Spells: 8/8 levels left

rFire    . . .     SeeInvis .   a - +0 war axe
rCold    + . .     Faith    .   c - +0 kite shield
rNeg     . . .     Spirit   .   d - +4 plate armour of Resilience {rC+}
rPois    .         Reflect  .   (helmet restricted)
rElec    .         Harm     .   (no cloak)
rCorr    .         Rampage  .   f - +2 pair of gloves {Stlth+}
Will     .....     NoTele   +   (no boots)
Stlth    ..........             (no amulet)
HPRegen  0.25/turn              (no ring)
MPRegen  0.10/turn              (no ring)

@: no status effects
A: horns 2, retaliatory headbutt, deformed body, deterioration 1, low mp 1,
screaming 1, subdued magic 1
a: Renounce Religion


You were in the Dungeon.
You worshipped Okawaru.
Okawaru was noncommittal.
You visited 1 branch You collected 984 gold pieces.
You spent 894 gold pieces at shops.

Inventory:

Hand Weapons
 a - a +0 war axe (weapon)
Armour
 b - a +0 scale mail
 c - a +0 kite shield (worn)
 d - the +4 plate armour of Resilience (worn) {rC+}
   (You bought it in a shop in the Dungeon)

   rC:        It protects you from cold.
 f - a +2 pair of gloves of stealth (worn)
Potions
 h - 2 potions of magic


   Skills:
 + Level 12.4 Fighting
 + Level 12.2 Axes
 + Level 13.0 Armour
 + Level 3.7 Dodging
 + Level 13.3 Shields


You had 8 spell levels left.
You didn't know any spells.
Your spell library was empty.

Dungeon Overview and Level Annotations

Branches:
Dungeon (1/1)

Altars:
Cheibriados
Dithmenos
Elyvilon
Fedhas
Gozag
Hepliaklqana
Kikubaaqudgha
Makhleb
Nemelex Xobeh
Okawaru
Qazlal
Ru
Sif Muna
Trog
Uskayaw
Vehumet
Wu Jian
Xom
Yredelemnul
Zin
The Shining One
Beogh
Jiyva
Lugonu

Shops:
D =[:[!(=*?:[*!::

Annotations:
D exclusions: obsidian statue and oklob plant


Innate Abilities, Weirdness & Mutations

You have a pair of horns on your head.
You reflexively headbutt those who attack you in melee.
Armour fits poorly on your strangely shaped body.
Your body sometimes deteriorates upon taking damage.
Your magical capacity is low. (-10% MP)
You occasionally shout uncontrollably at your foes.
Your spells are a little easier to cast, but a little less powerful.


Message History

Press: ? - help, Dir - move target
As you read the scroll of blinking, it crumbles to dust.
The water moccasin hisses angrily.
Okay, then.
You aren't carrying any scrolls.
The water moccasin hisses angrily.
There is a roughly hewn altar of Beogh here.
You block the polar bear's attack. The polar bear barely misses you.
You block the polar bear's attack.
There is a snail-covered altar of Cheibriados here.
You barely miss the polar bear.
The polar bear is lightly wounded.
You hit the polar bear. You block the polar bear's attack.
The polar bear barely misses you. You block the polar bear's attack. x2
The polar bear claws you but does no damage. x2
You slash the polar bear! You headbutt the polar bear!
The polar bear is heavily wounded.
You hit the polar bear but do no damage.
You block the polar bear's attack. x2
The polar bear claws you but does no damage.
You slash the polar bear! Your headbutt misses the polar bear.
The polar bear is severely wounded.
You barely miss the polar bear. You block the polar bear's attack.
The polar bear claws you but does no damage.
The polar bear barely misses you. The polar bear bites you!
* * * LOW HITPOINT WARNING * * *
You block the polar bear's attack.
The polar bear claws you but does no damage.
The yaktaur wields a +0 arbalest.
The yaktaur shoots a bolt.
The bolt barely misses you.
You hit the polar bear.
The polar bear is almost dead.
You barely miss the polar bear. The polar bear misses you.
You furiously retaliate!
You headbutt the polar bear, but do no damage.
You block the polar bear's attack. x2
The polar bear bites you but does no damage.
The polar bear claws you but does no damage.
The polar bear barely misses you.
The yaktaur shoots a bolt.
The bolt hits you!
You die...

#.##§.....≈≈c≈≈≈≈≈≈≈
###≈≈..§..§#'########+##
#≈≈≈≈≈≈≈..≈#_._._...#§≈§##
#≈≈≈≈≈≈§§.≈#._._._._#≈§≈≈#
≈≈≈§§§≈§§≈≈#_._._._.#§≈≈≈
≈≈§§§§§§≈≈≈#._._._._#§§§§
'#§§≈§≈≈§§≈#.._c_._.#§§§§
°##§≈≈###≈≈#...h._._#§§≈≈§
○○##≈≈ #≈§#...h@._.#S§≈§§
○○°§ #≈≈#....._..#S≈§§▓
..## ≈≈§##########≈≈§§▓
####≈≈≈≈≈≈≈≈≈§§§≈
≈###≈########≈▓▓▓ §§##≈ ▓▓
§§≈+ §§# §#


You could see 2 polar bears, a yaktaur and 2 water moccasins.

Vanquished Creatures
  2 boulder beetles (D)
  A polar bear (D)
  A hornet (D)
  2 wyverns (D)
  2 neqoxecs (D)
  A water moccasin (D)
  A scorpion (D)
  3 worms (D)
13 creatures vanquished.

Vanquished Creatures (others)
  2 neqoxecs (D)
  Menkaure (D)
  A water moccasin (D)
4 creatures vanquished.

Grand Total: 17 creatures vanquished

Notes
Turn   | Place    | Note
-------+----------+-------------------------------------------
     0 | D        | boopmooplesden the Minotaur Fighter began the quest for the
                  | Orb.
     0 | D        | Reached XP level 1. HP: 19/19 MP: 0/0
     1 | D        | Noticed a wyvern
     1 | D        | Noticed a wyvern
     5 | D        | Noticed a neqoxec
     5 | D        | Noticed a neqoxec
     8 | D        | Gained mutation: You occasionally shout uncontrollably at
                  | your foes. [a neqoxec]
     9 | D        | Killed a neqoxec
     9 | D        | Gained mutation: Your magical capacity is low. (-10% MP) [a
                  | neqoxec]
    10 | D        | Reached XP level 2. HP: 34/34 MP: 0/0
    10 | D        | Reached XP level 3. HP: 39/39 MP: 1/1
    10 | D        | Reached XP level 4. HP: 47/47 MP: 2/2
    16 | D        | Gained mutation: Your spells are a little easier to cast,
                  | but a little less powerful. [a neqoxec]
    17 | D        | Gained mutation: Your body sometimes deteriorates upon
                  | taking damage. [a neqoxec]
    20 | D        | Killed a water moccasin
    20 | D        | Gained mutation: Armour fits poorly on your strangely
                  | shaped body. [a neqoxec]
    23 | D        | Killed Menkaure
    25 | D        | Killed a neqoxec
    26 | D        | Reached skill level 5 in Axes
    26 | D        | Reached XP level 5. HP: 11/56 MP: 3/3
    99 | D        | Killed a neqoxec
   276 | D        | Noticed an obsidian statue
   302 | D        | Found Fabues's Magic Scroll Emporium.
   302 | D        | Found Hutemarch's Antique Armour Emporium.
   302 | D        | Found Giaguofo's Jewellery Shoppe.
   302 | D        | Found Souky's Distillery.
   302 | D        | Found Wixoapi's General Store.
   302 | D        | Found Fuav's Book Emporium.
   302 | D        | Found Ditiod's Book Shoppe.
   302 | D        | Found Poecvutt's General Store.
   302 | D        | Found Impu's Book Shoppe.
   311 | D        | Found Neax's Antique Weapon Shoppe.
   311 | D        | Noticed a death yak
   325 | D        | Reached XP level 6. HP: 35/63 MP: 4/4
   342 | D        | Noticed a boulder beetle
   342 | D        | Noticed a boulder beetle
   408 | D        | Killed a neqoxec
   465 | D        | Killed a wyvern
   466 | D        | Reached skill level 10 in Armour
   466 | D        | Reached skill level 1 in Dodging
   469 | D        | Killed a wyvern
   470 | D        | Reached skill level 10 in Fighting
   470 | D        | Reached skill level 10 in Shields
   470 | D        | Reached XP level 7. HP: 41/72 MP: 5/5
   818 | D        | Noticed a fire dragon
   819 | D        | Found Holig's Distillery.
   819 | D        | Found Linuec's Antique Armour Shoppe.
   819 | D        | Noticed an oklob plant
   820 | D        | Found Leile's Armour Shoppe.
   820 | D        | Found Vaol's Book Shoppe.
   820 | D        | Found Upruog's Jewellery Emporium.
   824 | D        | Bought a fading plate armour for 588 gold pieces
   824 | D        | Identified the +4 plate armour of Resilience {rC+} (You
                  | bought it in a shop in the Dungeon)
   839 | D        | Bought a pair of glowing gloves for 135 gold pieces
   845 | D        | Noticed a cane toad
   845 | D        | Noticed a cane toad
   876 | D        | Killed a boulder beetle
   877 | D        | Reached skill level 10 in Axes
   877 | D        | Reached XP level 8. HP: 82/82 MP: 6/6
   901 | D        | Killed a boulder beetle
   902 | D        | Reached XP level 9. HP: 54/90 MP: 7/7
   942 | D        | Bought a bloodstained buckler for 171 gold pieces
   942 | D        | Identified the -3 buckler "Wump" {rElec rPois rF+} (You
                  | bought it in a shop in the Dungeon)
  1071 | D        | Found an iron altar of Okawaru.
  1071 | D        | Found an opulent altar of Gozag.
  1072 | D        | Found a sparkling altar of Nemelex Xobeh.
  1072 | D        | Found a blossoming altar of Fedhas.
  1073 | D        | Found a radiant altar of Vehumet.
  1073 | D        | Found a burning altar of Makhleb.
  1073 | D        | Found a white marble altar of Elyvilon.
  1074 | D        | Found a hide-covered altar of Uskayaw.
  1074 | D        | Found a corrupted altar of Lugonu.
  1074 | D        | Found a shadowy altar of Dithmenos.
  1075 | D        | Found a glowing silver altar of Zin.
  1075 | D        | Found a bloodstained altar of Trog.
  1075 | D        | Found an ancient bone altar of Kikubaaqudgha.
  1075 | D        | Found a snail-covered altar of Cheibriados.
  1076 | D        | Found a basalt altar of Yredelemnul.
  1076 | D        | Found a shimmering blue altar of Sif Muna.
  1076 | D        | Found a viscous altar of Jiyva.
  1077 | D        | Found a shimmering altar of Xom.
  1077 | D        | Found a sacrificial altar of Ru.
  1079 | D        | Found a glowing golden altar of the Shining One.
  1079 | D        | Found an ornate altar of the Wu Jian Council.
  1079 | D        | Found a stormy altar of Qazlal.
  1079 | D        | Found a hazy altar of Hepliaklqana.
  1079 | D        | Noticed a polar bear
  1079 | D        | Noticed a polar bear
  1079 | D        | Noticed a polar bear
  1080 | D        | Noticed a yaktaur
  1081 | D        | Became a worshipper of Warmaster Okawaru
  1092 | D        | Killed a polar bear
  1112 | D        | Shot with a bolt by a yaktaur

Illustrated notes

Levels and vault maps discovered:
D:        the_violet_keep_of_menkaure [sprint2_stairs_cluster_1,
          sprint2_shoproom, sprint2_temple, sprint2_basic_supplies,
          sprint2_obstacle_3, sprint2_obstacle_4, sprint2_obstacle_7,
          sprint2_obstacle_2, sprint2_obstacle_5, sprint2_timed_cluster_1,
          sprint2_smallroom_cluster_1, sprint2_smallroom_final_cluster_1,
          sprint2_transparent_cluster_1, sprint2_second_timed_cluster_1,
          sprint2_sniper_area_1, sprint2_heavy_combat_area_1,
          sprint2_mutation_trap_area_1, sprint2_forest_area_1,
          sprint2_light_combat_area_1, sprint2_behind_water_1,
          sprint2_near_end_vault_1]

Skill      XL: |  1  2  3  4  5  6  7  8  9 |
---------------+----------------------------+-----
Fighting       | 7 8 9 10 11 12 | 12.4
Axes           | 4 5 7 10 11 12 | 12.2
Armour         | 7 9 10 12 13 | 13.0
Shields        | 7 8 9 10 12 13 | 13.3
Dodging        | 1 2 3 |  3.7

Action                   |  1- 3 |  4- 6 |  7- 9 || total
-------------------------+-------+-------+-------++-------
Melee: War axe           |     3 |    42 |    59 ||   104
       Headbutt          |       |     7 |    15 ||    22
  Use: Potion            |     1 |     2 |     2 ||     5
       Scroll            |       |       |     1 ||     1
Armor: Scale mail        |     1 |     3 |     1 ||     5
       Plate armour      |       |       |    29 ||    29
Dodge: Dodged            |       |     7 |    32 ||    39
Block: Kite shield       |     1 |    18 |    55 ||    74
